Penguins vs Senators
Created - June 12, 2022 at 07:25
Goals
|
| Penguins |
0 |
2 |
2 |
4 |
| Senators |
2 |
2 |
2 |
6 |
|
Shots
|
| Penguins |
9 |
5 |
10 |
24 |
| Senators |
13 |
12 |
9 |
34 |
|
1st period
1. Senators , Zachary Sanford 49 (Tomas Jurco 49) at 14:06 (PP)
2. Senators , Tomas Jurco 30 (Christoph Bertschy 60) at 18:02
Penalties :
Iven Barbashev (Wil) for Slashing (Double Minor) at 13:19
2nd period
3. Penguins , Kyle Connor 33 (Frederick Gaudreau 38, Anthony Beauvillier 15) at 8:16
4. Senators , Zachary Sanford 50 (Christoph Bertschy 61, Dmitry Sinitsyn 41) at 8:48 (PP)
5. Senators , Jordan Schroeder 13 (Grant Besse 13) at 9:43
6. Penguins , Anthony Beauvillier 16 (Frederick Gaudreau 39) at 10:17
Penalties :
Andrew O'Brien (Wil) for Interference (Minor) at 3:49, Connor Hellebyuk (Wil) for Delaying the game (Minor) at 8:32 - Frederick Gaudreau served the penalty, William Bitten (Bel) for Hooking (Minor) at 14:16, Christoph Bertschy (Bel) for Slashing (Minor) at 19:36
3rd period
7. Penguins , Anthony Beauvillier 17 (Frederick Gaudreau 40, Kyle Connor 26) at 13:40
8. Penguins , Iven Barbashev 22 (William Nylander 49, Cedric Paquette 57) at 14:23
9. Senators , Chandler Stephenson 11 (Grant Besse 14) at 16:55
10. Senators , Christoph Bertschy 35 (Dmitry Sinitsyn 42, Zachary Sanford 53) at 19:17 (PP)
Penalties :
Iven Barbashev (Wil) for Interference (Minor) at 4:44, Adam Brooks (Wil) for Hooking (Minor) at 7:10, Anthony Beauvillier (Wil) for Hooking (Minor) at 18:38
Goalie Stats
Connor Hellebyuk (Wil), 28 saves from 34 shots - (0.824), L, 26-29-3, 60:00 minutes
Garret Sparks (Bel), 20 saves from 24 shots - (0.833), W, 19-12-3, 60:00 minutes
Players Stats for Penguins
Player Name G A P +/- PIM S H SB GA TA FO MP PP MP PK MP
------------------------------------------------------------------------------------
Adam Brooks 0 0 0 -1 2 1 0 0 0 0 3/8 11:46 0:00 0:00
Andrew O'Brien 0 0 0 1 2 0 2 1 0 2 0/0 27:09 2:13 4:20
Anthony Beauvillier 2 1 3 3 2 4 2 0 0 0 1/1 14:19 1:39 0:00
Cedric Paquette 0 1 1 -1 0 1 0 0 0 0 12/40 22:59 2:19 5:40
Christopher Tanev 0 0 0 1 0 0 0 2 0 0 0/0 28:41 2:13 5:51
Curtis Hamilton 0 0 0 -1 0 2 2 0 0 0 0/0 12:22 0:00 1:14
Dakota Mermis 0 0 0 0 0 0 0 0 0 4 0/0 21:20 1:45 3:47
Danny Biega 0 0 0 0 0 0 1 1 0 1 0/0 21:59 1:45 4:42
Denis Malgin 0 0 0 0 0 1 3 0 0 0 0/1 7:41 0:00 0:53
Frederick Gaudreau 0 3 3 3 0 2 2 0 0 0 4/10 17:41 1:39 2:34
Gavin Bayreuther 0 0 0 0 0 2 0 2 0 0 0/0 10:32 0:00 0:33
German Rubtsov 0 0 0 0 0 0 0 0 0 0 0/0 0:00 0:00 0:00
Iven Barbashev 1 0 1 -1 6 3 1 0 1 0 0/0 17:25 2:19 0:00
John Marino 0 0 0 0 0 1 0 1 0 0 0/0 10:18 0:00 0:03
Juuso Ikonen 0 0 0 0 0 1 0 1 0 0 0/0 6:48 0:00 0:00
Kyle Connor 1 1 2 3 0 3 0 0 0 1 0/1 18:12 1:39 3:05
Max Gortz 0 0 0 -1 0 1 0 0 0 0 0/2 11:08 0:00 0:00
Sam Kurker 0 0 0 0 0 0 1 0 0 0 1/1 6:48 0:00 0:00
William Nylander 0 1 1 -1 0 2 1 2 0 1 2/4 23:09 2:19 5:50
Players Stats for Senators
Player Name G A P +/- PIM S H SB GA TA FO MP PP MP PK MP
------------------------------------------------------------------------------------
C.J Suess 0 0 0 1 0 1 3 0 0 0 0/0 10:27 0:00 1:26
Chandler Stephenson 1 0 1 0 0 1 0 0 0 0 3/6 10:57 0:00 1:53
Christoph Bertschy 1 2 3 1 2 8 1 1 1 0 32/45 22:22 5:47 0:58
Dmitry Sinitsyn 0 2 2 0 0 1 2 3 3 1 0/0 28:15 6:41 2:15
Grant Besse 0 2 2 1 0 0 1 0 0 0 0/0 9:01 0:00 0:00
Jacob De La Rose 0 0 0 -3 0 1 1 0 0 0 5/10 17:30 3:51 0:58
Jonas Siegenthaler 0 0 0 1 0 0 0 0 0 0 0/0 12:27 0:00 0:13
Joonas Lyytinen 0 0 0 -2 0 0 2 2 0 0 0/0 19:18 2:57 1:30
Jordan Schroeder 1 0 1 1 0 3 1 0 0 0 2/2 9:10 0:00 0:09
Mason Geertsen 0 0 0 1 0 0 0 0 0 0 0/0 12:27 0:00 0:13
Nikita Nesterov 0 0 0 -2 0 0 0 0 1 0 0/0 19:18 2:57 1:30
Oliver Bjorkstrand 0 0 0 -3 0 3 1 0 1 0 0/0 16:32 3:51 0:00
Scott Harrington 0 0 0 0 0 1 4 0 3 0 0/0 28:15 6:41 2:15
Tomas Jurco 1 1 2 1 0 4 1 1 0 0 1/2 21:24 5:47 0:00
Vitaly Abramov 0 0 0 0 0 3 0 0 0 0 1/1 9:04 0:00 0:00
William Bitten 0 0 0 0 2 0 1 0 0 0 0/0 9:04 0:00 0:00
Zachary Sanford 2 1 3 1 0 7 2 0 0 0 1/2 23:37 5:47 2:12
Zemgus Girgensons 0 0 0 -3 0 1 2 2 0 0 0/0 16:52 3:51 0:20
3 Stars
1 - Zachary Sanford (Bel)
2 - Anthony Beauvillier (Wil)
3 - Frederick Gaudreau (Wil)
Power Play
Penguins - 0 on 2 Attempt(s) - 0.00%
Senators - 3 on 7 Attempt(s) - 42.86%
Penalty Kill
Penguins - 4 on 7 Attempt(s) - 57.14%
- Score 0 goal in Penalty Kill
Senators - 2 on 2 Attempt(s) - 100.00%
- Score 0 goal in Penalty Kill
Team Stat
Penguins - Hits : 15 - Faceoff Wins : 23 - Blocked Shots : 10 - Penalty Minutes : 14
Senators - Hits : 22 - Faceoff Wins : 45 - Blocked Shots : 9 - Penalty Minutes : 4
Official
Referees : Kevin Pollock and Brad Meier
Linesman : Brad Kovachik and Mark Shewchyk
Game Notes
No Game Note
Finance
Level 1 -- Attendance: 1901 (95.05%) -- Ticket Income $66,535
Level 2 -- Attendance: 961 (96.10%) -- Ticket Income $14,415
Total Attendance: 2862 (95.40%)
Total Ticket Income: $80,950
Other Income: $4,048
Total Income: $84,998
Penguins
5 vs 5 Forward
Center Left Wing Right Wing Time % Phy DF OF
1 Cedric Paquette William Nylander Iven Barbashev 40 1 2 2
2 Frederick Gaudreau Kyle Connor Anthony Beauvillier 30 1 2 2
3 Adam Brooks Curtis Hamilton Max Gortz 20 1 2 2
4 Denis Malgin Juuso Ikonen Sam Kurker 10 1 2 2
5 vs 5 Defense
Defense Defense Time % Phy DF OF
1 Christopher Tanev Andrew O'Brien 40 1 2 2
2 Dakota Mermis Danny Biega 30 1 2 2
3 Gavin Bayreuther John Marino 20 1 2 2
4 Christopher Tanev Andrew O'Brien 10 1 2 2
PowerPlay Forward
Center Left Wing Right Wing Time % Phy DF OF
1 Cedric Paquette William Nylander Iven Barbashev 60 1 2 2
2 Frederick Gaudreau Kyle Connor Anthony Beauvillier 40 1 2 2
PowerPlay Defense
Defense Defense Time % Phy DF OF
1 Christopher Tanev Andrew O'Brien 60 1 2 2
2 Dakota Mermis Danny Biega 40 1 2 2
Penalty Kill 4 Players Forward
Center Wing Time % Phy DF OF
1 Cedric Paquette William Nylander 60 1 2 2
2 Frederick Gaudreau Kyle Connor 40 1 2 2
Penalty Kill 4 Players Defense
Defense Defense Time % Phy DF OF
1 Christopher Tanev Andrew O'Brien 60 1 2 2
2 Dakota Mermis Danny Biega 40 1 2 2
Penalty Kill - 3 Players Forward
Forward Time % Phy DF OF
1 Cedric Paquette 60 1 2 2
2 Frederick Gaudreau 40 1 2 2
Penalty Kill - 3 Players Defense
Defense Defense Time % Phy DF OF
1 Christopher Tanev Andrew O'Brien 60 1 2 2
2 Dakota Mermis Danny Biega 40 1 2 2
4 vs 4 Forward
Center Wing Time % Phy DF OF
1 Cedric Paquette William Nylander 60 1 2 2
2 Frederick Gaudreau Kyle Connor 40 1 2 2
4 vs 4 Defense
Defense Defense Time % Phy DF OF
1 Christopher Tanev Andrew O'Brien 60 1 2 2
2 Dakota Mermis Danny Biega 40 1 2 2
Last Minutes Offensive
Center Left Wing Right Wing Defense Defense
Cedric Paquette William Nylander Iven Barbashev Christopher Tanev Andrew O'Brien
Last Minutes Defensive
Center Left Wing Right Wing Defense Defense
Cedric Paquette William Nylander Iven Barbashev Christopher Tanev Andrew O'Brien
Goaltenders
Starting : Connor Hellebyuk
Backup : Anthony Stolarz
Extra Forwards
Normal : Kyle Connor, Anthony Beauvillier, Max Gortz - PP : Kyle Connor, Anthony Beauvillier - PK : Kyle Connor
Extra Defensemen
Normal : Danny Biega, Gavin Bayreuther, John Marino - PP : Danny Biega - PK : Danny Biega, Gavin Bayreuther
Penalty Shots
William Nylander, Cedric Paquette, Frederick Gaudreau, Iven Barbashev, Kyle Connor
Scratches
Brett Pollock (Healthy), Josh Ho-Sang (Healthy), Josh Jooris (Healthy), Matthew Finn (Healthy), Raphael Bussieres (Healthy)
Steven Spinner (Healthy)
Senators
5 vs 5 Forward
Center Left Wing Right Wing Time % Phy DF OF
1 Christoph Bertschy Zachary Sanford Tomas Jurco 40 1 2 2
2 Jacob De La Rose Zemgus Girgensons Oliver Bjorkstrand 30 1 2 2
3 Jordan Schroeder C.J Suess Grant Besse 15 1 2 2
4 Chandler Stephenson Vitaly Abramov William Bitten 15 1 2 2
5 vs 5 Defense
Defense Defense Time % Phy DF OF
1 Dmitry Sinitsyn Scott Harrington 40 1 2 2
2 Nikita Nesterov Joonas Lyytinen 30 1 2 2
3 Mason Geertsen Jonas Siegenthaler 20 1 2 2
4 Dmitry Sinitsyn Scott Harrington 10 1 2 2
PowerPlay Forward
Center Left Wing Right Wing Time % Phy DF OF
1 Christoph Bertschy Zachary Sanford Tomas Jurco 60 0 1 4
2 Jacob De La Rose Zemgus Girgensons Oliver Bjorkstrand 40 0 1 4
PowerPlay Defense
Defense Defense Time % Phy DF OF
1 Dmitry Sinitsyn Scott Harrington 60 1 2 2
2 Nikita Nesterov Joonas Lyytinen 40 1 2 2
Penalty Kill 4 Players Forward
Center Wing Time % Phy DF OF
1 Christoph Bertschy Zachary Sanford 60 1 2 2
2 Jacob De La Rose Zemgus Girgensons 40 1 2 2
Penalty Kill 4 Players Defense
Defense Defense Time % Phy DF OF
1 Dmitry Sinitsyn Scott Harrington 60 1 2 2
2 Nikita Nesterov Joonas Lyytinen 40 1 2 2
Penalty Kill - 3 Players Forward
Forward Time % Phy DF OF
1 Christoph Bertschy 60 1 2 2
2 Jacob De La Rose 40 1 2 2
Penalty Kill - 3 Players Defense
Defense Defense Time % Phy DF OF
1 Dmitry Sinitsyn Scott Harrington 60 1 2 2
2 Nikita Nesterov Joonas Lyytinen 40 1 2 2
4 vs 4 Forward
Center Wing Time % Phy DF OF
1 Christoph Bertschy Zachary Sanford 60 1 2 2
2 Jacob De La Rose Zemgus Girgensons 40 1 2 2
4 vs 4 Defense
Defense Defense Time % Phy DF OF
1 Dmitry Sinitsyn Scott Harrington 60 1 2 2
2 Nikita Nesterov Joonas Lyytinen 40 1 2 2
Last Minutes Offensive
Center Left Wing Right Wing Defense Defense
Christoph Bertschy Zachary Sanford Tomas Jurco Dmitry Sinitsyn Scott Harrington
Last Minutes Defensive
Center Left Wing Right Wing Defense Defense
Christoph Bertschy Zachary Sanford Tomas Jurco Dmitry Sinitsyn Scott Harrington
Goaltenders
Starting : Garret Sparks
Backup : Scott Wedgewood
Extra Forwards
Normal : Christoph Bertschy, Jacob De La Rose, Jordan Schroeder - PP : Christoph Bertschy, Jacob De La Rose - PK : Christoph Bertschy
Extra Defensemen
Normal : Joonas Lyytinen, Mason Geertsen, Jonas Siegenthaler - PP : Joonas Lyytinen - PK : Joonas Lyytinen, Mason Geertsen
Penalty Shots
Tomas Jurco, Oliver Bjorkstrand, Zachary Sanford, Zemgus Girgensons, Christoph Bertschy
Scratches
Gustav Forsling (Healthy), Keegan Lowe (Healthy), Kevin Rooney (Healthy), Michael Matheson (Healthy), Arttu Ruotsalainen (Healthy)
Cliff Pu (Healthy), Keven Bouchard (Healthy)
% Time on Ice - Penguins
Lines # - Real PCT - Wanted PCT - Time Play
Normal Forward
1 - 32% - 40% - 15:00
2 - 29% - 30% - 13:28
3 - 24% - 20% - 11:08
4 - 15% - 10% - 6:48
Normal Defense
1 - 42% - 40% - 19:30
2 - 33% - 30% - 15:32
3 - 22% - 20% - 9:59
4 - 3% - 10% - 1:23
PP Forward
1 - 58% - 60% - 2:19
2 - 42% - 40% - 1:39
PP Defense
1 - 56% - 60% - 2:13
2 - 44% - 40% - 1:45
PK Forward
1 - 73% - 60% - 7:04
2 - 27% - 40% - 2:34
PK Defense
1 - 61% - 60% - 5:54
2 - 39% - 40% - 3:44
PK3 Forward
1 - 0% - 60%
2 - 0% - 40%
PK3 Defense
1 - 0% - 60%
2 - 0% - 40%
44 Forward
1 - 0% - 60%
2 - 0% - 40%
44 Defense
1 - 0% - 60%
2 - 0% - 40%
Last Minute Offensive - 0:00
Last Minute Defensive - 0:00
Total
Forward - 60:00
Defense - 60:00
|
% Time on Ice - Senators
Lines # - Real PCT - Wanted PCT - Time Play
Normal Forward
1 - 34% - 40% - 15:38
2 - 27% - 30% - 12:41
3 - 19% - 15% - 9:01
4 - 20% - 15% - 9:04
Normal Defense
1 - 39% - 40% - 18:09
2 - 32% - 30% - 14:51
3 - 26% - 20% - 12:13
4 - 3% - 10% - 1:11
PP Forward
1 - 60% - 60% - 5:47
2 - 40% - 40% - 3:51
PP Defense
1 - 69% - 60% - 6:41
2 - 31% - 40% - 2:57
PK Forward
1 - 92% - 60% - 3:38
2 - 8% - 40% - 0:20
PK Defense
1 - 62% - 60% - 2:28
2 - 38% - 40% - 1:30
PK3 Forward
1 - 0% - 60%
2 - 0% - 40%
PK3 Defense
1 - 0% - 60%
2 - 0% - 40%
44 Forward
1 - 0% - 60%
2 - 0% - 40%
44 Defense
1 - 0% - 60%
2 - 0% - 40%
Last Minute Offensive - 0:00
Last Minute Defensive - 0:00
Total
Forward - 60:00
Defense - 60:00
|
Play-by-Play
1st period
0:01 of 1st period - Christoph Bertschy wins face-off versus Cedric Paquette in neutral zone.
0:06 of 1st period - Backhand shot by Zachary Sanford.
0:06 of 1st period - Shot Misses the Net.
0:16 of 1st period - Wrist shot by Tomas Jurco.
0:16 of 1st period - Shot Blocked by Andrew O'Brien.
0:27 of 1st period - Icing by Oliver Bjorkstrand.
0:28 of 1st period - Frederick Gaudreau wins face-off versus Jacob De La Rose in Senators zone.
0:55 of 1st period - Danny Biega is hit by Grant Besse and loses puck.
1:24 of 1st period - Icing by Danny Biega.
1:25 of 1st period - Christoph Bertschy wins face-off versus Denis Malgin in Penguins zone.
2:08 of 1st period - Icing by Oliver Bjorkstrand.
2:09 of 1st period - Vitaly Abramov wins face-off versus Frederick Gaudreau in Senators zone.
2:20 of 1st period - Slapshot by Frederick Gaudreau.
2:20 of 1st period - Shot Misses the Net.
2:22 of 1st period - Wrist shot by Anthony Beauvillier.
2:22 of 1st period - Stopped by Garret Sparks with a rebound.
2:24 of 1st period - Wrist shot by Kyle Connor.
2:24 of 1st period - Stopped by Garret Sparks with a rebound.
2:49 of 1st period - Icing by Zachary Sanford.
2:50 of 1st period - Christoph Bertschy wins face-off versus Adam Brooks in Senators zone.
4:34 of 1st period - Jonas Siegenthaler is hit by Frederick Gaudreau and loses puck.
5:23 of 1st period - Wrist shot by Vitaly Abramov.
5:23 of 1st period - Stopped by Connor Hellebyuk without a rebound.
5:24 of 1st period - Cedric Paquette wins face-off versus Christoph Bertschy in Penguins zone.
5:49 of 1st period - Dmitry Sinitsyn is hit by Andrew O'Brien and loses puck.
6:22 of 1st period - Slapshot by Dmitry Sinitsyn.
6:22 of 1st period - Deflect By Vitaly Abramov.
6:22 of 1st period - Stopped by Connor Hellebyuk without a rebound.
6:23 of 1st period - Christoph Bertschy wins face-off versus Cedric Paquette in Penguins zone.
7:18 of 1st period - Snap shot by Jordan Schroeder.
7:18 of 1st period - Stopped by Connor Hellebyuk with a rebound.
7:36 of 1st period - Wrist shot by Juuso Ikonen.
7:36 of 1st period - Stopped by Garret Sparks without a rebound.
7:37 of 1st period - Cedric Paquette wins face-off versus Christoph Bertschy in Senators zone.
7:38 of 1st period - Snap shot by Iven Barbashev.
7:38 of 1st period - Stopped by Garret Sparks without a rebound.
7:39 of 1st period - Christoph Bertschy wins face-off versus Cedric Paquette in Senators zone.
8:19 of 1st period - Backhand shot by Iven Barbashev.
8:19 of 1st period - Stopped by Garret Sparks with a rebound.
8:21 of 1st period - Snap shot by Cedric Paquette.
8:21 of 1st period - Shot Blocked by Christoph Bertschy.
8:23 of 1st period - Snap shot by William Nylander.
8:23 of 1st period - Stopped by Garret Sparks without a rebound.
8:24 of 1st period - Jacob De La Rose wins face-off versus Frederick Gaudreau in Senators zone.
8:31 of 1st period - Slapshot by Frederick Gaudreau.
8:31 of 1st period - Shot Blocked by Zemgus Girgensons.
8:33 of 1st period - Snap shot by Frederick Gaudreau.
8:33 of 1st period - Shot Misses the Net.
8:35 of 1st period - Backhand shot by Christopher Tanev.
8:35 of 1st period - Shot Misses the Net.
8:37 of 1st period - Snap shot by Frederick Gaudreau.
8:37 of 1st period - Stopped by Garret Sparks without a rebound.
8:38 of 1st period - Adam Brooks wins face-off versus Jacob De La Rose in Senators zone.
8:49 of 1st period - Snap shot by Jacob De La Rose.
8:49 of 1st period - Stopped by Connor Hellebyuk with a rebound.
8:53 of 1st period - Snap shot by Oliver Bjorkstrand.
8:53 of 1st period - Shot Misses the Net.
9:05 of 1st period - Scott Harrington is hit by Andrew O'Brien and loses puck.
9:12 of 1st period - Wrist shot by Kyle Connor.
9:12 of 1st period - Stopped by Garret Sparks without a rebound.
9:13 of 1st period - Christoph Bertschy wins face-off versus William Nylander in Senators zone.
9:20 of 1st period - Wrist shot by Christoph Bertschy.
9:20 of 1st period - Stopped by Connor Hellebyuk with a rebound.
9:40 of 1st period - Backhand shot by Max Gortz.
9:40 of 1st period - Stopped by Garret Sparks without a rebound.
9:41 of 1st period - Jacob De La Rose wins face-off versus Adam Brooks in Senators zone.
9:41 of 1st period - Jacob De La Rose is hit by Curtis Hamilton.
9:47 of 1st period - Snap shot by Oliver Bjorkstrand.
9:47 of 1st period - Stopped by Connor Hellebyuk without a rebound.
9:48 of 1st period - Christoph Bertschy wins face-off versus Cedric Paquette in Penguins zone.
9:49 of 1st period - Wrist shot by Zachary Sanford.
9:49 of 1st period - Shot Blocked by Christopher Tanev.
9:51 of 1st period - Wrist shot by Christoph Bertschy.
9:51 of 1st period - Stopped by Connor Hellebyuk with a rebound.
9:53 of 1st period - Backhand shot by Christoph Bertschy.
9:53 of 1st period - Deflect By Andrew O'Brien.
9:53 of 1st period - Stopped by Connor Hellebyuk without a rebound.
9:54 of 1st period - Christoph Bertschy wins face-off versus Cedric Paquette in Penguins zone.
10:01 of 1st period - Christopher Tanev is hit by Scott Harrington and loses puck.
10:44 of 1st period - Wrist shot by Curtis Hamilton.
10:44 of 1st period - Shot Blocked by Dmitry Sinitsyn.
11:00 of 1st period - Nikita Nesterov is hit by Sam Kurker and loses puck.
11:05 of 1st period - Slapshot by Gavin Bayreuther.
11:05 of 1st period - Shot Misses the Net.
11:27 of 1st period - Wrist shot by Christoph Bertschy.
11:27 of 1st period - Shot Blocked by John Marino.
11:43 of 1st period - Zemgus Girgensons is hit by William Nylander and loses puck.
12:42 of 1st period - Christopher Tanev is hit by Joonas Lyytinen and loses puck.
12:50 of 1st period - Off-side.
12:51 of 1st period - Jacob De La Rose wins face-off versus Max Gortz in neutral zone.
13:19 of 1st period - Double Minor Penalty to Iven Barbashev for Slashing.
13:20 of 1st period - Christoph Bertschy wins face-off versus Cedric Paquette in Penguins zone.
13:25 of 1st period - Wrist shot by Zachary Sanford.
13:25 of 1st period - Shot Blocked by Christopher Tanev.
13:27 of 1st period - Snap shot by Christoph Bertschy.
13:27 of 1st period - Shot Misses the Net.
13:29 of 1st period - Slapshot by Dmitry Sinitsyn.
13:29 of 1st period - Shot Blocked by William Nylander.
13:49 of 1st period - William Nylander is hit by Scott Harrington and loses puck.
14:06 of 1st period - Slapshot by Zachary Sanford.
14:06 of 1st period - Goal by Zachary Sanford - Penguins : 0 - Senators : 1.
14:07 of 1st period - Christoph Bertschy wins face-off versus Cedric Paquette in neutral zone.
14:12 of 1st period - William Nylander is hit by Christoph Bertschy.
14:32 of 1st period - William Nylander is hit by Dmitry Sinitsyn and loses puck.
16:06 of 1st period - Penalty to Iven Barbashev is over, Iven Barbashev is back on ice.
16:17 of 1st period - Snap shot by Chandler Stephenson.
16:17 of 1st period - Shot Blocked by Juuso Ikonen.
17:39 of 1st period - Off-side.
17:40 of 1st period - Christoph Bertschy wins face-off versus Frederick Gaudreau in neutral zone.
17:43 of 1st period - Wrist shot by Christoph Bertschy.
17:43 of 1st period - Shot Misses the Net.
17:49 of 1st period - Snap shot by Christoph Bertschy.
17:49 of 1st period - Stopped by Connor Hellebyuk without a rebound.
17:50 of 1st period - Christoph Bertschy wins face-off versus Cedric Paquette in Penguins zone.
18:02 of 1st period - Wrist shot by Tomas Jurco.
18:02 of 1st period - Goal by Tomas Jurco - Penguins : 0 - Senators : 2.
18:03 of 1st period - Cedric Paquette wins face-off versus Christoph Bertschy in neutral zone.
18:06 of 1st period - Snap shot by Iven Barbashev.
18:06 of 1st period - Deflect By William Nylander.
18:06 of 1st period - Shot Blocked by Dmitry Sinitsyn.
18:06 of 1st period - Puck is out of play.
18:07 of 1st period - Christoph Bertschy wins face-off versus Cedric Paquette in Senators zone.
18:22 of 1st period - Andrew O'Brien is hit by Scott Harrington and loses puck.
18:58 of 1st period - Wrist shot by Jordan Schroeder.
18:58 of 1st period - Stopped by Connor Hellebyuk with a rebound.
19:04 of 1st period - Snap shot by C.J Suess.
19:04 of 1st period - Stopped by Connor Hellebyuk without a rebound.
19:05 of 1st period - Cedric Paquette wins face-off versus Christoph Bertschy in Penguins zone.
Goals for this period are 0 for Penguins vs 2 for Senators.
Shots for this period are 9 for Penguins vs 13 for Senators.
2nd period
0:01 of 2nd period - Christoph Bertschy wins face-off versus Cedric Paquette in neutral zone.
0:26 of 2nd period - Zemgus Girgensons is hit by Frederick Gaudreau and loses puck.
0:35 of 2nd period - Slapshot by Anthony Beauvillier.
0:35 of 2nd period - Stopped by Garret Sparks with a rebound.
0:37 of 2nd period - Snap shot by Frederick Gaudreau.
0:37 of 2nd period - Deflect By Anthony Beauvillier.
0:37 of 2nd period - Shot Misses the Net.
0:37 of 2nd period - Puck is out of play.
0:38 of 2nd period - William Nylander wins face-off versus Christoph Bertschy in Senators zone.
0:41 of 2nd period - Wrist shot by William Nylander.
0:41 of 2nd period - Shot Misses the Net.
0:54 of 2nd period - Off-side.
0:55 of 2nd period - Anthony Beauvillier wins face-off versus Jacob De La Rose in neutral zone.
1:12 of 2nd period - Snap shot by Jacob De La Rose.
1:12 of 2nd period - Deflect By Zemgus Girgensons.
1:12 of 2nd period - Shot Misses the Net.
1:12 of 2nd period - Puck is out of play.
1:13 of 2nd period - Cedric Paquette wins face-off versus Zachary Sanford in Penguins zone.
1:38 of 2nd period - Nikita Nesterov is hit by Anthony Beauvillier and loses puck.
2:07 of 2nd period - Slapshot by Chandler Stephenson.
2:07 of 2nd period - Shot Blocked by Gavin Bayreuther.
2:19 of 2nd period - Dmitry Sinitsyn is hit by Denis Malgin and loses puck.
2:53 of 2nd period - Snap shot by Christoph Bertschy.
2:53 of 2nd period - Stopped by Connor Hellebyuk without a rebound.
2:54 of 2nd period - Christoph Bertschy wins face-off versus Frederick Gaudreau in Penguins zone.
3:19 of 2nd period - Iven Barbashev is hit by Jacob De La Rose and loses puck.
3:28 of 2nd period - Snap shot by Oliver Bjorkstrand.
3:28 of 2nd period - Stopped by Connor Hellebyuk without a rebound.
3:29 of 2nd period - Christoph Bertschy wins face-off versus Frederick Gaudreau in Penguins zone.
3:34 of 2nd period - Wrist shot by Christoph Bertschy.
3:34 of 2nd period - Shot Misses the Net.
3:36 of 2nd period - Wrist shot by Tomas Jurco.
3:36 of 2nd period - Stopped by Connor Hellebyuk without a rebound.
3:37 of 2nd period - Christoph Bertschy wins face-off versus Frederick Gaudreau in Penguins zone.
3:42 of 2nd period - Wrist shot by Tomas Jurco.
3:42 of 2nd period - Stopped by Connor Hellebyuk with a rebound.
3:44 of 2nd period - Slapshot by Dmitry Sinitsyn.
3:44 of 2nd period - Stopped by Connor Hellebyuk with a rebound.
3:46 of 2nd period - Backhand shot by Dmitry Sinitsyn.
3:46 of 2nd period - Deflect By Christoph Bertschy.
3:46 of 2nd period - Stopped by Connor Hellebyuk without a rebound.
3:47 of 2nd period - Cedric Paquette wins face-off versus Christoph Bertschy in Penguins zone.
3:49 of 2nd period - Minor Penalty to Andrew O'Brien for Interference.
3:50 of 2nd period - Christoph Bertschy wins face-off versus Cedric Paquette in Penguins zone.
4:02 of 2nd period - Slapshot by Zachary Sanford.
4:02 of 2nd period - Stopped by Connor Hellebyuk with a rebound.
4:04 of 2nd period - Snap shot by Christoph Bertschy.
4:04 of 2nd period - Deflect By Tomas Jurco.
4:04 of 2nd period - Shot Misses the Net.
4:04 of 2nd period - Puck is out of play.
4:05 of 2nd period - Christoph Bertschy wins face-off versus Cedric Paquette in Penguins zone.
4:54 of 2nd period - Gavin Bayreuther is hit by Tomas Jurco and loses puck.
5:49 of 2nd period - Penalty to Andrew O'Brien is over, Andrew O'Brien is back on ice.
6:21 of 2nd period - Wrist shot by Jordan Schroeder.
6:21 of 2nd period - Shot Blocked by Gavin Bayreuther.
6:23 of 2nd period - Wrist shot by Grant Besse.
6:23 of 2nd period - Shot Misses the Net.
6:53 of 2nd period - Gavin Bayreuther is hit by C.J Suess and loses puck.
7:21 of 2nd period - Icing by Oliver Bjorkstrand.
7:22 of 2nd period - Cedric Paquette wins face-off versus Christoph Bertschy in Senators zone.
8:16 of 2nd period - Snap shot by Kyle Connor.
8:16 of 2nd period - Goal by Kyle Connor - Penguins : 1 - Senators : 2.
8:17 of 2nd period - Frederick Gaudreau wins face-off versus Christoph Bertschy in neutral zone.
8:28 of 2nd period - Snap shot by Tomas Jurco.
8:28 of 2nd period - Stopped by Connor Hellebyuk with a rebound.
8:30 of 2nd period - Slapshot by Dmitry Sinitsyn.
8:30 of 2nd period - Shot Blocked by Danny Biega.
8:32 of 2nd period - Snap shot by Zachary Sanford.
8:32 of 2nd period - Stopped by Connor Hellebyuk without a rebound.
8:32 of 2nd period - Minor Penalty to Connor Hellebyuk for Delaying the game.
8:33 of 2nd period - Christoph Bertschy wins face-off versus Cedric Paquette in Penguins zone.
8:48 of 2nd period - Snap shot by Zachary Sanford.
8:48 of 2nd period - Goal by Zachary Sanford - Penguins : 1 - Senators : 3.
8:49 of 2nd period - Christoph Bertschy wins face-off versus Cedric Paquette in neutral zone.
8:56 of 2nd period - Iven Barbashev is hit by Zachary Sanford and loses puck.
9:43 of 2nd period - Slapshot by Jordan Schroeder.
9:43 of 2nd period - Goal by Jordan Schroeder - Penguins : 1 - Senators : 4.
9:44 of 2nd period - Cedric Paquette wins face-off versus Tomas Jurco in neutral zone.
9:57 of 2nd period - Snap shot by William Nylander.
9:57 of 2nd period - Shot Blocked by Tomas Jurco.
10:11 of 2nd period - Wrist shot by Anthony Beauvillier.
10:11 of 2nd period - Shot Blocked by Zemgus Girgensons.
10:13 of 2nd period - Wrist shot by Frederick Gaudreau.
10:13 of 2nd period - Stopped by Garret Sparks without a rebound.
10:14 of 2nd period - Frederick Gaudreau wins face-off versus Jacob De La Rose in Senators zone.
10:17 of 2nd period - Snap shot by Anthony Beauvillier.
10:17 of 2nd period - Goal by Anthony Beauvillier - Penguins : 2 - Senators : 4.
10:18 of 2nd period - Christoph Bertschy wins face-off versus Cedric Paquette in neutral zone.
12:02 of 2nd period - Snap shot by Christoph Bertschy.
12:02 of 2nd period - Shot Misses the Net.
12:30 of 2nd period - Slapshot by Frederick Gaudreau.
12:30 of 2nd period - Shot Misses the Net.
12:48 of 2nd period - Icing by William Bitten.
12:49 of 2nd period - Chandler Stephenson wins face-off versus Cedric Paquette in Senators zone.
12:53 of 2nd period - Off-side.
12:54 of 2nd period - Cedric Paquette wins face-off versus Christoph Bertschy in neutral zone.
13:20 of 2nd period - Dakota Mermis is hit by Scott Harrington and loses puck.
14:16 of 2nd period - Minor Penalty to William Bitten for Hooking.
14:17 of 2nd period - Zachary Sanford wins face-off versus Cedric Paquette in Senators zone.
14:24 of 2nd period - Snap shot by Cedric Paquette.
14:24 of 2nd period - Stopped by Garret Sparks with a rebound.
14:57 of 2nd period - Zachary Sanford is hit by Anthony Beauvillier and loses puck.
16:16 of 2nd period - Penalty to William Bitten is over, William Bitten is back on ice.
16:31 of 2nd period - Dakota Mermis is hit by Zemgus Girgensons and loses puck.
16:50 of 2nd period - Sam Kurker is hit by C.J Suess.
17:38 of 2nd period - Wrist shot by Oliver Bjorkstrand.
17:38 of 2nd period - Stopped by Connor Hellebyuk with a rebound.
18:22 of 2nd period - Christopher Tanev is hit by William Bitten and loses puck.
19:30 of 2nd period - Christoph Bertschy is hit by Denis Malgin and loses puck.
19:36 of 2nd period - Minor Penalty to Christoph Bertschy for Slashing.
19:37 of 2nd period - Cedric Paquette wins face-off versus Chandler Stephenson in Senators zone.
Goals for this period are 2 for Penguins vs 2 for Senators.
Shots for this period are 5 for Penguins vs 12 for Senators.
3rd period
0:01 of 3rd period - Chandler Stephenson wins face-off versus Cedric Paquette in neutral zone.
0:13 of 3rd period - Wrist shot by William Nylander.
0:13 of 3rd period - Shot Blocked by Dmitry Sinitsyn.
0:15 of 3rd period - Slapshot by Iven Barbashev.
0:15 of 3rd period - Shot Misses the Net.
1:36 of 3rd period - Penalty to Christoph Bertschy is over, Christoph Bertschy is back on ice.
2:06 of 3rd period - Oliver Bjorkstrand is hit by Denis Malgin and loses puck.
2:37 of 3rd period - Slapshot by Zachary Sanford.
2:37 of 3rd period - Stopped by Connor Hellebyuk with a rebound.
3:05 of 3rd period - Joonas Lyytinen is hit by Curtis Hamilton and loses puck.
3:10 of 3rd period - Slapshot by Curtis Hamilton.
3:10 of 3rd period - Stopped by Garret Sparks with a rebound.
3:37 of 3rd period - Gavin Bayreuther is hit by Oliver Bjorkstrand and loses puck.
3:50 of 3rd period - Gavin Bayreuther is hit by C.J Suess and loses puck.
4:13 of 3rd period - Slapshot by Gavin Bayreuther.
4:13 of 3rd period - Stopped by Garret Sparks without a rebound.
4:14 of 3rd period - Jacob De La Rose wins face-off versus Cedric Paquette in Senators zone.
4:23 of 3rd period - Snap shot by William Nylander.
4:23 of 3rd period - Stopped by Garret Sparks without a rebound.
4:24 of 3rd period - Jacob De La Rose wins face-off versus Cedric Paquette in Senators zone.
4:44 of 3rd period - Minor Penalty to Iven Barbashev for Interference.
4:45 of 3rd period - Christoph Bertschy wins face-off versus Cedric Paquette in Penguins zone.
5:52 of 3rd period - Off-side.
5:53 of 3rd period - Christoph Bertschy wins face-off versus Kyle Connor in neutral zone.
5:56 of 3rd period - Kyle Connor is hit by Dmitry Sinitsyn and loses puck.
6:44 of 3rd period - Penalty to Iven Barbashev is over, Iven Barbashev is back on ice.
7:10 of 3rd period - Minor Penalty to Adam Brooks for Hooking.
7:11 of 3rd period - Christoph Bertschy wins face-off versus Cedric Paquette in Penguins zone.
7:14 of 3rd period - Snap shot by Christoph Bertschy.
7:14 of 3rd period - Stopped by Connor Hellebyuk without a rebound.
7:15 of 3rd period - Tomas Jurco wins face-off versus William Nylander in Penguins zone.
9:10 of 3rd period - Penalty to Adam Brooks is over, Adam Brooks is back on ice.
9:24 of 3rd period - Jonas Siegenthaler is hit by Danny Biega and loses puck.
9:48 of 3rd period - Slapshot by Dakota Mermis.
9:48 of 3rd period - Deflect By Frederick Gaudreau.
9:48 of 3rd period - Shot Misses the Net.
9:48 of 3rd period - Puck is out of play.
9:49 of 3rd period - Sam Kurker wins face-off versus Chandler Stephenson in Senators zone.
9:58 of 3rd period - Snap shot by Sam Kurker.
9:58 of 3rd period - Shot Blocked by Joonas Lyytinen.
10:00 of 3rd period - Snap shot by Denis Malgin.
10:00 of 3rd period - Stopped by Garret Sparks without a rebound.
10:01 of 3rd period - Christoph Bertschy wins face-off versus Cedric Paquette in Senators zone.
10:06 of 3rd period - Snap shot by Zachary Sanford.
10:06 of 3rd period - Stopped by Connor Hellebyuk with a rebound.
10:08 of 3rd period - Slapshot by Scott Harrington.
10:08 of 3rd period - Stopped by Connor Hellebyuk without a rebound.
10:09 of 3rd period - Cedric Paquette wins face-off versus Christoph Bertschy in Penguins zone.
10:34 of 3rd period - Wrist shot by Zemgus Girgensons.
10:34 of 3rd period - Stopped by Connor Hellebyuk without a rebound.
10:35 of 3rd period - Adam Brooks wins face-off versus Jacob De La Rose in Penguins zone.
11:25 of 3rd period - Slapshot by Gavin Bayreuther.
11:25 of 3rd period - Stopped by Garret Sparks with a rebound.
11:27 of 3rd period - Slapshot by John Marino.
11:27 of 3rd period - Stopped by Garret Sparks with a rebound.
11:29 of 3rd period - Wrist shot by Juuso Ikonen.
11:29 of 3rd period - Shot Misses the Net.
11:31 of 3rd period - Snap shot by John Marino.
11:31 of 3rd period - Shot Blocked by Joonas Lyytinen.
11:45 of 3rd period - Slapshot by Chandler Stephenson.
11:45 of 3rd period - Deflect By Vitaly Abramov.
11:45 of 3rd period - Stopped by Connor Hellebyuk without a rebound.
11:46 of 3rd period - Chandler Stephenson wins face-off versus Cedric Paquette in Penguins zone.
12:11 of 3rd period - Christopher Tanev is hit by Zemgus Girgensons and loses puck.
12:24 of 3rd period - Snap shot by Oliver Bjorkstrand.
12:24 of 3rd period - Shot Misses the Net.
12:33 of 3rd period - Off-side.
12:34 of 3rd period - Jordan Schroeder wins face-off versus Adam Brooks in neutral zone.
13:02 of 3rd period - Slapshot by Christoph Bertschy.
13:02 of 3rd period - Shot Blocked by William Nylander.
13:05 of 3rd period - Icing by Cedric Paquette.
13:06 of 3rd period - William Nylander wins face-off versus Christoph Bertschy in Penguins zone.
13:40 of 3rd period - Slapshot by Anthony Beauvillier.
13:40 of 3rd period - Goal by Anthony Beauvillier - Penguins : 3 - Senators : 4.
13:41 of 3rd period - Christoph Bertschy wins face-off versus Cedric Paquette in neutral zone.
13:44 of 3rd period - Cedric Paquette is hit by Zachary Sanford and loses puck.
14:07 of 3rd period - Snap shot by Chandler Stephenson.
14:07 of 3rd period - Shot Hit the Post.
14:23 of 3rd period - Snap shot by Iven Barbashev.
14:23 of 3rd period - Goal by Iven Barbashev - Penguins : 4 - Senators : 4.
14:24 of 3rd period - Frederick Gaudreau wins face-off versus Christoph Bertschy in neutral zone.
15:22 of 3rd period - Icing by Gavin Bayreuther.
15:23 of 3rd period - Christoph Bertschy wins face-off versus Adam Brooks in Penguins zone.
15:24 of 3rd period - Snap shot by Zachary Sanford.
15:24 of 3rd period - Stopped by Connor Hellebyuk without a rebound.
15:25 of 3rd period - Christoph Bertschy wins face-off versus Cedric Paquette in Penguins zone.
15:50 of 3rd period - Andrew O'Brien is hit by Jordan Schroeder and loses puck.
16:13 of 3rd period - Snap shot by Curtis Hamilton.
16:13 of 3rd period - Stopped by Garret Sparks without a rebound.
16:14 of 3rd period - Adam Brooks wins face-off versus Chandler Stephenson in Senators zone.
16:17 of 3rd period - Wrist shot by Adam Brooks.
16:17 of 3rd period - Shot Misses the Net.
16:29 of 3rd period - Backhand shot by Max Gortz.
16:29 of 3rd period - Deflect By Adam Brooks.
16:29 of 3rd period - Stopped by Garret Sparks without a rebound.
16:30 of 3rd period - Christoph Bertschy wins face-off versus Cedric Paquette in Senators zone.
16:55 of 3rd period - Wrist shot by Chandler Stephenson.
16:55 of 3rd period - Goal by Chandler Stephenson - Penguins : 4 - Senators : 5.
16:56 of 3rd period - Christoph Bertschy wins face-off versus Adam Brooks in neutral zone.
17:32 of 3rd period - Dmitry Sinitsyn is hit by Iven Barbashev and loses puck.
18:03 of 3rd period - Andrew O'Brien is hit by Joonas Lyytinen and loses puck.
18:38 of 3rd period - Minor Penalty to Anthony Beauvillier for Hooking.
18:39 of 3rd period - Christoph Bertschy wins face-off versus Cedric Paquette in Penguins zone.
18:57 of 3rd period - Icing by Christoph Bertschy.
18:58 of 3rd period - Cedric Paquette wins face-off versus Christoph Bertschy in Senators zone.
19:13 of 3rd period - Snap shot by Christoph Bertschy.
19:13 of 3rd period - Shot Misses the Net.
19:15 of 3rd period - Slapshot by Dmitry Sinitsyn.
19:15 of 3rd period - Shot Misses the Net.
19:17 of 3rd period - Wrist shot by Christoph Bertschy.
19:17 of 3rd period - Goal by Christoph Bertschy - Penguins : 4 - Senators : 6.
19:18 of 3rd period - Jordan Schroeder wins face-off versus Max Gortz in neutral zone.
19:25 of 3rd period - Wrist shot by Jordan Schroeder.
19:25 of 3rd period - Shot Misses the Net.
19:54 of 3rd period - Snap shot by Anthony Beauvillier.
19:54 of 3rd period - Shot Misses the Net.
Goals for this period are 2 for Penguins vs 2 for Senators.
Shots for this period are 10 for Penguins vs 9 for Senators.